[ PARTIDA AOE2 · #460968643 ]
UnrankedTeutones vs Khmer
[ ANÁLISIS DE REPETICIÓN · EXTRAÍDO DE LA PARTIDA GRABADA ]
Feudal
—
Castillos
—
Imperial
—
| APM promedio | 37.0 |
| APM pico | 81 |
| eAPM promedio | 35.2 |
| Aldeanos / militares | 258 / 438 |
Foco
⚔️ 40.2% · 🌾 59.8%
Mangonel ×212 · Knight ×150 · Trade Cart ×86 · Bombard Cannon ×31 · Scout Cavalry ×31 · Scorpion ×8
Feudal
—
Castillos
—
Imperial
—
| APM promedio | 21.5 |
| APM pico | 110 |
| eAPM promedio | 21.4 |
| Aldeanos / militares | 370 / 1351 |
Foco
⚔️ 42.4% · 🌾 57.6%
Scout Cavalry ×825 · War Elephant ×526 · Trade Cart ×140
Feudal
—
Castillos
—
Imperial
—
| APM promedio | 30.3 |
| APM pico | 378 |
| eAPM promedio | 29.8 |
| Aldeanos / militares | 253 / 840 |
Foco
⚔️ 37.7% · 🌾 62.3%
Spearman ×565 · Kona ×95 · Bolas Rider ×90 · Trade Cart ×75 · Mangonel ×50 · Trebuchet (Packed) ×40
Feudal
—
Castillos
—
Imperial
—
| APM promedio | 15.7 |
| APM pico | 55 |
| eAPM promedio | 15.3 |
| Aldeanos / militares | 106 / 768 |
Foco
⚔️ 39.6% · 🌾 60.4%
Scout Cavalry ×275 · Scorpion ×246 · Spearman ×135 · Ballista Elephant ×90 · Trade Cart ×39 · Militia ×15
Feudal
—
Castillos
—
Imperial
—
| APM promedio | 28.3 |
| APM pico | 79 |
| eAPM promedio | 27.7 |
| Aldeanos / militares | 100 / 726 |
Foco
⚔️ 70.9% · 🌾 29.1%
Ballista Elephant ×263 · Knight ×151 · Spearman ×137 · Battle Elephant ×75 · Mangonel ×43 · Scorpion ×41
Feudal
—
Castillos
—
Imperial
—
| APM promedio | 64.1 |
| APM pico | 207 |
| eAPM promedio | 59.9 |
| Aldeanos / militares | 218 / 861 |
Foco
⚔️ 48.2% · 🌾 51.8%
Scorpion ×287 · Mangonel ×205 · Woad Raider ×196 · Trade Cart ×122 · Spearman ×111 · Battering Ram ×62
Mapa de la partida
Recursos iniciales + cada clic de construcción. Líneas = muros · curvas = relieve. ◆ oro · ⬟ piedra · ● bayas · ✦ reliquia · ◌ hueco del cierre
Tu base· ✓ Separados por el mapa
Base de a.hofslagare· ✓ Separados por el mapa
Base de Abuelo-GrandPa· ✓ Separados por el mapa
Base de Frosty· ✓ Separados por el mapa
Base de Eagle· ✓ Separados por el mapa
Base de Danko_cl· ✓ Separados por el mapa
Terreno inicial suavizado · ◌ = hueco del cierre detectado · pasá el cursor para detalles
Inputs por minuto
— okayamafilho - - a.hofslagare
Build order — okayamafilho
Primeras 150 de 1027 acciones detectadas
| 0:03 | Crear | Villager (Male) |
| 0:03 | Crear | Villager (Male) |
| 0:04 | Crear | Villager (Male) |
| 0:04 | Crear | Villager (Male) |
| 0:04 | Crear | Villager (Male) |
| 0:04 | Crear | Villager (Male) |
| 0:09 | Construir | Town Center |
| 0:11 | Construir | Town Center |
| 0:12 | Construir | Town Center |
| 0:15 | Construir | Town Center |
| 0:21 | Construir | Town Center |
| 0:22 | Construir | Town Center |
| 0:25 | Construir | Town Center |
| 0:25 | Construir | Town Center |
| 0:31 | Construir | Town Center |
| 0:41 | Construir | Town Center |
| 0:43 | Construir | Town Center |
| 0:44 | Construir | Town Center |
| 0:50 | Construir | Town Center |
| 0:51 | Construir | Town Center |
| 0:56 | Construir | Town Center |
| 1:00 | Construir | Town Center |
| 1:00 | Construir | Town Center |
| 1:01 | Crear | Villager (Male) |
| 1:02 | Crear | Villager (Male) |
| 1:02 | Crear | Villager (Male) |
| 1:02 | Crear | Villager (Male) |
| 1:18 | Construir | Town Center |
| 1:23 | Crear | Villager (Male) |
| 1:23 | Crear | Villager (Male) |
| 1:23 | Crear | Villager (Male) |
| 1:23 | Crear | Villager (Male) |
| 1:24 | Crear | Villager (Male) |
| 1:24 | Crear | Villager (Male) |
| 1:39 | Construir | Market |
| 1:41 | Construir | Market |
| 1:43 | Construir | Market |
| 1:45 | Construir | Market |
| 1:47 | Construir | Market |
| 1:51 | Crear | Villager (Male) |
| 1:51 | Crear | Villager (Male) |
| 1:51 | Crear | Villager (Male) |
| 1:51 | Crear | Villager (Male) |
| 2:01 | Crear | Villager (Male) |
| 2:01 | Crear | Villager (Male) |
| 2:02 | Crear | Villager (Male) |
| 2:02 | Crear | Villager (Male) |
| 2:02 | Crear | Villager (Male) |
| 2:31 | Construir | Stone Wall |
| 2:46 | Construir | Castle |
| 2:47 | Crear | Villager (Male) |
| 2:47 | Crear | Villager (Male) |
| 2:47 | Crear | Villager (Male) |
| 2:48 | Crear | Villager (Male) |
| 2:48 | Crear | Villager (Male) |
| 2:48 | Crear | Villager (Male) |
| 2:52 | Crear | Villager (Male) |
| 2:52 | Crear | Villager (Male) |
| 2:52 | Crear | Villager (Male) |
| 2:52 | Crear | Villager (Male) |
| 2:53 | Crear | Villager (Male) |
| 2:53 | Crear | Villager (Male) |
| 2:55 | Crear | Villager (Male) |
| 2:55 | Crear | Villager (Male) |
| 2:57 | Crear | Villager (Male) |
| 2:57 | Crear | Villager (Male) |
| 2:57 | Crear | Villager (Male) |
| 2:57 | Crear | Villager (Male) |
| 2:59 | Crear | Villager (Male) |
| 2:59 | Crear | Villager (Male) |
| 2:59 | Crear | Villager (Male) |
| 3:02 | Construir | Farm |
| 3:12 | Crear | Villager (Male) |
| 3:13 | Crear | Villager (Male) |
| 3:13 | Crear | Villager (Male) |
| 3:13 | Crear | Villager (Male) |
| 3:19 | Construir | Mining Camp |
| 3:21 | Crear | Villager (Male) |
| 3:21 | Crear | Villager (Male) |
| 3:21 | Crear | Villager (Male) |
| 3:24 | Crear | Villager (Male) |
| 3:28 | Crear | Villager (Male) |
| 3:28 | Crear | Villager (Male) |
| 3:28 | Crear | Villager (Male) |
| 3:33 | Crear | Villager (Male) |
| 3:33 | Crear | Villager (Male) |
| 3:34 | Crear | Villager (Male) |
| 3:34 | Crear | Villager (Male) |
| 3:34 | Crear | Villager (Male) |
| 3:34 | Crear | Villager (Male) |
| 3:38 | Crear | Villager (Male) |
| 3:38 | Crear | Villager (Male) |
| 3:39 | Crear | Villager (Male) |
| 3:39 | Crear | Villager (Male) |
| 3:40 | Crear | Villager (Male) |
| 3:41 | Crear | Villager (Male) |
| 3:41 | Crear | Villager (Male) |
| 3:41 | Crear | Villager (Male) |
| 3:41 | Crear | Villager (Male) |
| 3:56 | Construir | House |
| 3:59 | Construir | House |
| 4:00 | Construir | House |
| 4:02 | Construir | House |
| 4:04 | Construir | House |
| 4:06 | Construir | House |
| 4:09 | Construir | House |
| 4:10 | Construir | House |
| 4:11 | Construir | House |
| 4:14 | Construir | House |
| 4:15 | Construir | House |
| 4:16 | Construir | House |
| 4:17 | Construir | House |
| 4:28 | Construir | Castle |
| 4:32 | Crear | Villager (Male) |
| 4:32 | Crear | Villager (Male) |
| 4:33 | Crear | Villager (Male) |
| 4:33 | Crear | Villager (Male) |
| 4:33 | Crear | Villager (Male) |
| 4:33 | Crear | Villager (Male) |
| 4:34 | Crear | Villager (Male) |
| 4:36 | Crear | Villager (Male) |
| 4:36 | Crear | Villager (Male) |
| 4:36 | Crear | Villager (Male) |
| 4:36 | Crear | Villager (Male) |
| 4:37 | Crear | Villager (Male) |
| 4:40 | Crear | Villager (Male) |
| 4:40 | Crear | Villager (Male) |
| 4:41 | Crear | Villager (Male) |
| 4:41 | Crear | Villager (Male) |
| 4:42 | Crear | Villager (Male) |
| 5:00 | Crear | Villager (Male) |
| 5:01 | Crear | Villager (Male) |
| 5:05 | Crear | Villager (Male) |
| 5:05 | Crear | Villager (Male) |
| 5:06 | Crear | Villager (Male) |
| 5:09 | Crear | Villager (Male) |
| 5:09 | Crear | Villager (Male) |
| 5:09 | Crear | Villager (Male) |
| 5:17 | Crear | Villager (Male) |
| 5:17 | Crear | Villager (Male) |
| 5:17 | Crear | Villager (Male) |
| 5:18 | Crear | Villager (Male) |
| 5:18 | Crear | Villager (Male) |
| 5:18 | Crear | Villager (Male) |
| 5:58 | Crear | Villager (Male) |
| 5:59 | Crear | Villager (Male) |
| 6:00 | Crear | Villager (Male) |
| 6:00 | Crear | Villager (Male) |
| 6:01 | Crear | Villager (Male) |
| 6:01 | Crear | Villager (Male) |
Build order — a.hofslagare
Primeras 150 de 740 acciones detectadas
| 0:05 | Crear | Villager (Male) ×5 |
| 0:06 | Crear | Villager (Male) ×5 |
| 0:06 | Crear | Villager (Male) ×5 |
| 0:06 | Crear | Villager (Male) ×5 |
| 0:16 | Construir | Town Center |
| 0:21 | Construir | Town Center |
| 0:25 | Construir | Town Center |
| 0:29 | Construir | Town Center |
| 0:34 | Construir | Town Center |
| 0:38 | Construir | Town Center |
| 0:43 | Construir | Town Center |
| 0:48 | Construir | Town Center |
| 0:52 | Construir | Town Center |
| 1:08 | Construir | Market |
| 1:10 | Construir | Market |
| 1:11 | Construir | Market |
| 1:14 | Construir | Market |
| 1:16 | Construir | Market |
| 1:34 | Construir | Market |
| 1:37 | Construir | Market |
| 1:41 | Construir | Market |
| 1:44 | Construir | Market |
| 1:46 | Construir | Market |
| 1:56 | Crear | Villager (Male) ×5 |
| 1:56 | Crear | Villager (Male) ×5 |
| 1:56 | Crear | Villager (Male) ×5 |
| 1:57 | Crear | Villager (Male) ×5 |
| 1:57 | Crear | Villager (Male) ×5 |
| 1:57 | Crear | Villager (Male) ×5 |
| 1:57 | Crear | Villager (Male) ×5 |
| 1:58 | Crear | Villager (Male) ×5 |
| 1:58 | Crear | Villager (Male) ×5 |
| 1:58 | Crear | Villager (Male) ×5 |
| 1:59 | Crear | Villager (Male) ×5 |
| 1:59 | Crear | Villager (Male) ×5 |
| 1:59 | Crear | Villager (Male) ×5 |
| 2:00 | Crear | Villager (Male) ×5 |
| 2:00 | Crear | Villager (Male) ×5 |
| 2:00 | Crear | Villager (Male) ×5 |
| 2:00 | Crear | Villager (Male) ×5 |
| 2:01 | Crear | Villager (Male) ×5 |
| 2:01 | Crear | Villager (Male) ×5 |
| 2:01 | Crear | Villager (Male) ×5 |
| 2:02 | Crear | Villager (Male) ×5 |
| 2:02 | Crear | Villager (Male) ×5 |
| 2:02 | Crear | Villager (Male) ×5 |
| 2:03 | Crear | Villager (Male) ×5 |
| 2:03 | Crear | Villager (Male) ×5 |
| 2:03 | Crear | Villager (Male) ×5 |
| 2:12 | Construir | House |
| 2:13 | Construir | House |
| 2:15 | Construir | House |
| 2:16 | Construir | House |
| 2:19 | Construir | House |
| 2:20 | Construir | House |
| 2:22 | Construir | House |
| 2:23 | Construir | House |
| 2:24 | Construir | House |
| 2:26 | Construir | House |
| 2:27 | Construir | House |
| 2:30 | Construir | House |
| 2:31 | Construir | House |
| 2:33 | Construir | House |
| 3:11 | Construir | House |
| 3:13 | Construir | House |
| 3:14 | Construir | House |
| 3:16 | Construir | House |
| 3:17 | Construir | House |
| 3:19 | Construir | House |
| 3:20 | Construir | House |
| 3:21 | Construir | House |
| 3:26 | Construir | House |
| 3:27 | Construir | House |
| 3:28 | Construir | House |
| 3:29 | Construir | House |
| 3:33 | Construir | House |
| 3:35 | Construir | House |
| 3:36 | Construir | House |
| 3:38 | Construir | House |
| 3:44 | Construir | House |
| 3:46 | Construir | House |
| 3:48 | Construir | House |
| 3:50 | Construir | House |
| 3:52 | Construir | House |
| 3:54 | Construir | House |
| 3:55 | Construir | House |
| 3:57 | Construir | House |
| 4:01 | Construir | House |
| 4:03 | Construir | House |
| 4:04 | Construir | House |
| 4:06 | Construir | House |
| 4:07 | Construir | House |
| 4:12 | Construir | House |
| 4:14 | Construir | House |
| 4:15 | Construir | House |
| 4:17 | Construir | House |
| 4:21 | Construir | House |
| 4:23 | Construir | House |
| 4:24 | Construir | House |
| 4:26 | Construir | House |
| 4:28 | Construir | House |
| 4:29 | Construir | House |
| 4:31 | Construir | House |
| 4:34 | Construir | House |
| 4:35 | Construir | House |
| 4:36 | Construir | House |
| 4:37 | Construir | House |
| 4:39 | Construir | House |
| 4:40 | Construir | House |
| 4:43 | Construir | House |
| 4:45 | Construir | House |
| 4:50 | Construir | House |
| 4:52 | Construir | House |
| 4:53 | Construir | House |
| 4:55 | Construir | House |
| 4:56 | Construir | House |
| 4:57 | Construir | House |
| 4:59 | Construir | House |
| 5:02 | Construir | House |
| 5:04 | Construir | House |
| 5:06 | Construir | House |
| 5:07 | Construir | House |
| 5:37 | Construir | Lumber Camp |
| 5:45 | Construir | Mining Camp |
| 5:55 | Construir | Lumber Camp |
| 6:00 | Construir | Lumber Camp |
| 6:07 | Construir | Mining Camp |
| 6:18 | Crear | Trade Cart ×5 |
| 6:19 | Crear | Trade Cart ×5 |
| 6:19 | Crear | Trade Cart ×5 |
| 6:19 | Crear | Trade Cart ×5 |
| 6:20 | Crear | Trade Cart ×5 |
| 6:20 | Crear | Trade Cart ×5 |
| 6:20 | Crear | Trade Cart ×5 |
| 6:21 | Crear | Trade Cart ×5 |
| 6:21 | Crear | Trade Cart ×5 |
| 6:21 | Crear | Trade Cart ×5 |
| 6:21 | Crear | Trade Cart ×5 |
| 6:22 | Crear | Trade Cart ×5 |
| 6:22 | Crear | Trade Cart ×5 |
| 6:22 | Crear | Trade Cart ×5 |
| 6:23 | Crear | Trade Cart ×5 |
| 6:23 | Crear | Trade Cart ×5 |
| 6:23 | Crear | Trade Cart ×5 |
| 6:24 | Crear | Trade Cart ×5 |
| 6:24 | Crear | Trade Cart ×5 |
| 6:24 | Crear | Trade Cart ×5 |
| 6:24 | Crear | Trade Cart ×5 |
| 6:25 | Crear | Trade Cart ×5 |
| 6:25 | Crear | Trade Cart ×5 |
Build order — Abuelo-GrandPa
Primeras 150 de 444 acciones detectadas
| 0:08 | Construir | House |
| 0:13 | Crear | Villager (Male) ×5 |
| 0:13 | Crear | Villager (Male) ×5 |
| 0:14 | Crear | Villager (Male) ×5 |
| 0:19 | Construir | Market |
| 1:08 | Construir | Town Center |
| 1:11 | Construir | Town Center |
| 1:17 | Construir | Town Center |
| 1:18 | Construir | Town Center |
| 1:20 | Construir | Town Center |
| 1:22 | Construir | Town Center |
| 1:26 | Construir | Town Center |
| 1:27 | Construir | Town Center |
| 1:29 | Construir | Town Center |
| 1:32 | Construir | Town Center |
| 1:34 | Construir | Town Center |
| 2:16 | Crear | Villager (Male) ×5 |
| 2:17 | Crear | Villager (Male) ×5 |
| 2:17 | Crear | Villager (Male) ×5 |
| 2:18 | Crear | Villager (Male) ×5 |
| 2:18 | Crear | Villager (Male) ×5 |
| 2:19 | Crear | Villager (Male) ×5 |
| 2:54 | Crear | Villager (Male) ×5 |
| 2:55 | Crear | Villager (Male) ×5 |
| 2:55 | Crear | Villager (Male) ×5 |
| 2:56 | Crear | Villager (Male) ×5 |
| 2:57 | Crear | Villager (Male) ×5 |
| 3:16 | Crear | Villager (Male) ×5 |
| 3:16 | Crear | Villager (Male) ×5 |
| 3:17 | Crear | Villager (Male) ×5 |
| 4:03 | Crear | Villager (Male) ×5 |
| 4:04 | Crear | Villager (Male) ×5 |
| 4:05 | Crear | Villager (Male) ×5 |
| 4:11 | Crear | Villager (Male) ×5 |
| 4:11 | Crear | Villager (Male) ×5 |
| 4:12 | Crear | Villager (Male) ×5 |
| 4:12 | Crear | Villager (Male) ×5 |
| 4:55 | Crear | Villager (Male) ×5 |
| 4:56 | Crear | Villager (Male) ×5 |
| 4:58 | Crear | Villager (Male) ×5 |
| 4:59 | Crear | Villager (Male) ×5 |
| 5:01 | Crear | Villager (Male) ×5 |
| 5:02 | Crear | Villager (Male) ×5 |
| 5:03 | Crear | Villager (Male) ×5 |
| 5:05 | Crear | Villager (Male) ×5 |
| 5:14 | Crear | Villager (Male) ×5 |
| 5:16 | Crear | Villager (Male) ×5 |
| 5:16 | Crear | Villager (Male) ×5 |
| 5:20 | Crear | Villager (Male) ×3 |
| 5:24 | Crear | Villager (Male) ×5 |
| 5:25 | Crear | Villager (Male) ×5 |
| 5:25 | Crear | Villager (Male) ×5 |
| 5:29 | Crear | Villager (Male) ×5 |
| 5:30 | Crear | Villager (Male) ×5 |
| 5:31 | Crear | Villager (Male) ×5 |
| 5:59 | Construir | House |
| 6:01 | Construir | House |
| 6:03 | Construir | House |
| 6:04 | Construir | House |
| 6:06 | Construir | House |
| 6:21 | Construir | Market |
| 6:32 | Construir | Market |
| 6:48 | Construir | Market |
| 6:59 | Construir | Market |
| 7:06 | Construir | House |
| 7:08 | Construir | House |
| 7:10 | Construir | House |
| 7:11 | Construir | House |
| 7:13 | Construir | House |
| 7:16 | Construir | House |
| 7:17 | Construir | House |
| 7:18 | Construir | House |
| 7:55 | Construir | Farm |
| 7:55 | Construir | Farm |
| 7:56 | Construir | Farm |
| 7:56 | Construir | Farm |
| 7:56 | Construir | Farm |
| 7:57 | Construir | Farm |
| 7:57 | Construir | Farm |
| 7:58 | Construir | Farm |
| 7:58 | Construir | Farm |
| 7:58 | Construir | Farm |
| 7:59 | Construir | Farm |
| 7:59 | Construir | Farm |
| 7:59 | Construir | Farm |
| 8:00 | Construir | Farm |
| 8:00 | Construir | Farm |
| 8:01 | Construir | Farm |
| 8:01 | Construir | Farm |
| 8:02 | Construir | Farm |
| 8:02 | Construir | Farm |
| 8:03 | Construir | Farm |
| 8:03 | Construir | Farm |
| 8:04 | Construir | Farm |
| 8:04 | Construir | Farm |
| 8:14 | Crear | Villager (Male) ×5 |
| 8:14 | Crear | Villager (Male) ×5 |
| 8:15 | Crear | Villager (Male) ×5 |
| 8:16 | Crear | Villager (Male) ×5 |
| 8:16 | Crear | Villager (Male) ×5 |
| 8:16 | Crear | Villager (Male) ×5 |
| 8:17 | Crear | Villager (Male) ×5 |
| 8:17 | Crear | Villager (Male) ×5 |
| 8:18 | Crear | Villager (Male) ×5 |
| 8:27 | Construir | Settlement |
| 8:37 | Construir | Stone Wall |
| 8:57 | Construir | Settlement |
| 9:05 | Construir | Farm |
| 9:07 | Construir | Farm |
| 9:08 | Construir | Farm |
| 9:15 | Construir | Settlement |
| 9:22 | Construir | House |
| 9:23 | Construir | House |
| 9:25 | Construir | House |
| 9:26 | Construir | House |
| 9:27 | Construir | House |
| 9:29 | Construir | House |
| 9:30 | Construir | House |
| 9:31 | Construir | House |
| 9:35 | Construir | House |
| 9:36 | Construir | House |
| 9:37 | Construir | House |
| 9:39 | Construir | House |
| 9:41 | Construir | House |
| 9:45 | Construir | House |
| 9:47 | Construir | House |
| 9:48 | Construir | House |
| 10:03 | Crear | Trade Cart ×5 |
| 10:03 | Crear | Trade Cart ×5 |
| 10:04 | Crear | Trade Cart ×5 |
| 10:04 | Crear | Trade Cart ×5 |
| 10:11 | Crear | Trade Cart ×5 |
| 10:12 | Crear | Trade Cart ×5 |
| 10:12 | Crear | Trade Cart ×5 |
| 10:13 | Crear | Trade Cart ×5 |
| 10:19 | Construir | Market |
| 10:29 | Construir | Settlement |
| 10:37 | Construir | Farm |
| 10:38 | Construir | Farm |
| 10:38 | Construir | Farm |
| 10:39 | Construir | Farm |
| 10:39 | Construir | Farm |
| 10:40 | Construir | Farm |
| 10:40 | Construir | Farm |
| 10:40 | Construir | Farm |
| 10:41 | Construir | Farm |
| 10:41 | Construir | Farm |
| 10:47 | Construir | Farm |
| 10:55 | Construir | Castle |
| 11:03 | Construir | Settlement |
Build order — Frosty
Primeras 150 de 478 acciones detectadas
| 0:20 | Construir | Market |
| 0:22 | Construir | Market |
| 0:23 | Construir | Market |
| 0:25 | Construir | Market |
| 0:26 | Construir | Market |
| 0:42 | Construir | House |
| 0:44 | Construir | House |
| 0:45 | Construir | House |
| 0:47 | Construir | House |
| 0:49 | Construir | House |
| 0:50 | Construir | House |
| 1:00 | Construir | Mining Camp |
| 1:04 | Crear | Villager (Male) |
| 1:05 | Crear | Villager (Male) |
| 1:05 | Crear | Villager (Male) |
| 1:05 | Crear | Villager (Male) |
| 1:06 | Crear | Villager (Male) |
| 1:06 | Crear | Villager (Male) |
| 1:07 | Crear | Villager (Male) |
| 1:07 | Crear | Villager (Male) |
| 1:07 | Crear | Villager (Male) |
| 1:08 | Crear | Villager (Male) |
| 1:08 | Crear | Villager (Male) |
| 1:09 | Crear | Villager (Male) |
| 1:09 | Crear | Villager (Male) |
| 1:09 | Crear | Villager (Male) |
| 1:10 | Crear | Villager (Male) |
| 1:11 | Crear | Villager (Male) |
| 1:23 | Construir | Monastery |
| 1:39 | Construir | Town Center |
| 1:49 | Construir | Town Center |
| 2:02 | Crear | Monk |
| 2:09 | Construir | Town Center |
| 2:29 | Construir | Mining Camp |
| 2:49 | Construir | Town Center |
| 2:56 | Crear | Villager (Male) |
| 2:57 | Crear | Villager (Male) |
| 2:57 | Crear | Villager (Male) |
| 2:57 | Crear | Villager (Male) |
| 2:58 | Crear | Villager (Male) |
| 2:58 | Crear | Villager (Male) |
| 2:58 | Crear | Villager (Male) |
| 2:59 | Crear | Villager (Male) |
| 2:59 | Crear | Villager (Male) |
| 2:59 | Crear | Villager (Male) |
| 3:00 | Crear | Villager (Male) |
| 3:00 | Crear | Villager (Male) |
| 3:00 | Crear | Villager (Male) |
| 3:01 | Crear | Villager (Male) |
| 3:01 | Crear | Villager (Male) |
| 3:11 | Construir | Lumber Camp |
| 3:17 | Crear | Trade Cart |
| 3:18 | Crear | Trade Cart |
| 3:18 | Crear | Trade Cart |
| 3:18 | Crear | Trade Cart |
| 3:19 | Crear | Trade Cart |
| 3:19 | Crear | Trade Cart |
| 3:37 | Crear | Villager (Male) |
| 3:37 | Crear | Villager (Male) |
| 3:37 | Crear | Villager (Male) |
| 3:38 | Crear | Villager (Male) |
| 3:38 | Crear | Villager (Male) |
| 3:39 | Crear | Villager (Male) |
| 3:39 | Crear | Villager (Male) |
| 3:39 | Crear | Villager (Male) |
| 3:40 | Crear | Villager (Male) |
| 3:58 | Crear | Trade Cart |
| 3:58 | Crear | Trade Cart |
| 3:58 | Crear | Trade Cart |
| 3:59 | Crear | Trade Cart |
| 3:59 | Crear | Trade Cart |
| 3:59 | Crear | Trade Cart |
| 4:00 | Crear | Trade Cart |
| 4:00 | Crear | Trade Cart |
| 4:12 | Crear | Trade Cart |
| 4:12 | Crear | Trade Cart |
| 4:12 | Crear | Trade Cart |
| 4:13 | Crear | Trade Cart |
| 4:13 | Crear | Trade Cart |
| 4:26 | Crear | Villager (Male) |
| 4:27 | Crear | Villager (Male) |
| 4:27 | Crear | Villager (Male) |
| 4:40 | Crear | Trade Cart |
| 4:40 | Crear | Trade Cart |
| 4:40 | Crear | Trade Cart |
| 4:41 | Crear | Trade Cart |
| 4:41 | Crear | Trade Cart |
| 4:41 | Crear | Trade Cart |
| 5:05 | Crear | Trade Cart |
| 5:05 | Crear | Trade Cart |
| 5:06 | Crear | Trade Cart |
| 5:06 | Crear | Trade Cart |
| 5:06 | Crear | Trade Cart |
| 5:07 | Crear | Trade Cart |
| 5:07 | Crear | Trade Cart |
| 5:27 | Construir | Town Center |
| 5:41 | Crear | Villager (Male) ×5 |
| 5:41 | Crear | Villager (Male) ×5 |
| 5:41 | Crear | Villager (Male) ×5 |
| 5:42 | Crear | Villager (Male) ×5 |
| 5:58 | Crear | Villager (Male) |
| 5:59 | Crear | Villager (Male) |
| 5:59 | Crear | Villager (Male) |
| 5:59 | Crear | Villager (Male) |
| 6:00 | Crear | Villager (Male) |
| 6:00 | Crear | Villager (Male) |
| 6:01 | Crear | Villager (Male) |
| 6:09 | Crear | Villager (Male) |
| 6:09 | Crear | Villager (Male) |
| 6:10 | Crear | Villager (Male) |
| 6:10 | Crear | Villager (Male) |
| 6:11 | Crear | Villager (Male) |
| 6:11 | Crear | Villager (Male) |
| 6:11 | Crear | Villager (Male) |
| 6:12 | Crear | Villager (Male) |
| 6:39 | Construir | House |
| 6:40 | Construir | House |
| 6:42 | Construir | House |
| 6:57 | Construir | House |
| 6:58 | Construir | House |
| 6:59 | Construir | House |
| 7:03 | Construir | House |
| 7:06 | Construir | House |
| 7:09 | Construir | House |
| 7:11 | Construir | House |
| 7:13 | Construir | House |
| 7:15 | Construir | House |
| 7:24 | Construir | House |
| 7:42 | Crear | Villager (Male) |
| 7:42 | Crear | Villager (Male) |
| 7:43 | Crear | Villager (Male) |
| 7:43 | Crear | Villager (Male) |
| 7:44 | Crear | Villager (Male) |
| 7:44 | Crear | Villager (Male) |
| 7:44 | Crear | Villager (Male) |
| 7:45 | Crear | Villager (Male) |
| 7:51 | Construir | House |
| 7:52 | Construir | House |
| 7:54 | Construir | House |
| 7:55 | Construir | House |
| 7:57 | Construir | House |
| 7:59 | Construir | House |
| 8:01 | Construir | House |
| 8:04 | Construir | House |
| 8:05 | Construir | House |
| 8:07 | Construir | House |
| 8:09 | Construir | House |
| 8:19 | Crear | Villager (Male) |
| 8:19 | Crear | Villager (Male) |
| 8:19 | Crear | Villager (Male) |
Build order — Eagle
Primeras 150 de 1050 acciones detectadas
| 0:04 | Crear | Villager (Male) |
| 0:05 | Crear | Villager (Male) |
| 0:05 | Crear | Villager (Male) |
| 0:05 | Crear | Villager (Male) |
| 0:06 | Crear | Villager (Male) |
| 0:06 | Crear | Villager (Male) |
| 0:18 | Construir | Town Center |
| 0:27 | Construir | Town Center |
| 0:39 | Construir | Town Center |
| 0:52 | Construir | Town Center |
| 1:07 | Construir | Market |
| 1:10 | Construir | Market |
| 1:11 | Construir | Market |
| 1:27 | Crear | Villager (Male) |
| 1:27 | Crear | Villager (Male) |
| 1:27 | Crear | Villager (Male) |
| 1:28 | Crear | Villager (Male) |
| 1:28 | Crear | Villager (Male) |
| 1:33 | Construir | Farm |
| 1:34 | Construir | Farm |
| 1:36 | Construir | Farm |
| 1:37 | Construir | Farm |
| 1:39 | Construir | Farm |
| 1:41 | Construir | Farm |
| 1:43 | Construir | Farm |
| 1:44 | Construir | Farm |
| 1:51 | Crear | Villager (Male) |
| 1:52 | Crear | Villager (Male) |
| 1:52 | Crear | Villager (Male) |
| 1:53 | Crear | Villager (Male) |
| 1:59 | Crear | Villager (Male) |
| 1:59 | Crear | Villager (Male) |
| 2:00 | Crear | Villager (Male) |
| 2:01 | Crear | Villager (Male) |
| 2:02 | Crear | Villager (Male) |
| 2:03 | Crear | Villager (Male) |
| 2:05 | Crear | Villager (Male) |
| 2:06 | Crear | Villager (Male) |
| 2:06 | Crear | Villager (Male) |
| 2:07 | Crear | Villager (Male) |
| 2:07 | Crear | Villager (Male) |
| 2:08 | Crear | Villager (Male) |
| 2:15 | Crear | Trade Cart |
| 2:24 | Crear | Trade Cart |
| 2:42 | Construir | Market |
| 2:55 | Construir | Lumber Camp |
| 3:03 | Crear | Trade Cart |
| 3:07 | Crear | Trade Cart |
| 3:07 | Crear | Trade Cart |
| 3:08 | Crear | Trade Cart |
| 3:08 | Crear | Trade Cart |
| 3:11 | Crear | Trade Cart |
| 3:11 | Crear | Trade Cart |
| 3:12 | Crear | Trade Cart |
| 3:12 | Crear | Trade Cart |
| 3:13 | Crear | Trade Cart |
| 3:13 | Crear | Trade Cart |
| 3:14 | Crear | Trade Cart |
| 3:14 | Crear | Trade Cart |
| 3:39 | Construir | Castle |
| 3:52 | Construir | Castle |
| 3:57 | Construir | Castle |
| 4:09 | Construir | House |
| 4:10 | Construir | House |
| 4:11 | Construir | House |
| 4:13 | Construir | House |
| 4:14 | Construir | House |
| 4:16 | Construir | House |
| 4:21 | Construir | House |
| 4:22 | Construir | House |
| 4:24 | Construir | House |
| 4:25 | Construir | House |
| 4:27 | Construir | House |
| 4:30 | Construir | House |
| 4:32 | Construir | House |
| 4:33 | Construir | House |
| 4:35 | Construir | House |
| 4:37 | Construir | House |
| 4:40 | Construir | House |
| 4:42 | Construir | House |
| 4:58 | Construir | Castle |
| 5:16 | Construir | Stone Wall |
| 5:23 | Crear | Villager (Male) |
| 5:28 | Crear | Villager (Male) |
| 5:33 | Crear | Villager (Male) |
| 5:34 | Crear | Villager (Male) |
| 5:34 | Crear | Villager (Male) |
| 5:35 | Crear | Villager (Male) |
| 5:35 | Crear | Villager (Male) |
| 5:41 | Crear | Villager (Male) |
| 5:42 | Crear | Villager (Male) |
| 5:42 | Crear | Villager (Male) |
| 5:43 | Crear | Villager (Male) |
| 5:43 | Crear | Villager (Male) |
| 5:44 | Crear | Villager (Male) |
| 5:46 | Crear | Villager (Male) |
| 5:47 | Crear | Villager (Male) |
| 5:47 | Crear | Villager (Male) |
| 5:48 | Crear | Villager (Male) |
| 5:48 | Crear | Villager (Male) |
| 6:03 | Construir | Monastery |
| 6:22 | Crear | Monk |
| 6:49 | Crear | Ballista Elephant |
| 6:49 | Crear | Ballista Elephant |
| 6:50 | Crear | Ballista Elephant |
| 6:50 | Crear | Ballista Elephant |
| 6:51 | Crear | Ballista Elephant |
| 6:51 | Crear | Ballista Elephant |
| 6:51 | Crear | Ballista Elephant |
| 6:52 | Crear | Ballista Elephant |
| 6:52 | Crear | Ballista Elephant |
| 6:53 | Crear | Ballista Elephant |
| 6:53 | Crear | Ballista Elephant |
| 6:54 | Crear | Ballista Elephant |
| 6:54 | Crear | Ballista Elephant |
| 6:54 | Crear | Ballista Elephant |
| 6:54 | Crear | Ballista Elephant |
| 6:56 | Crear | Villager (Male) |
| 6:57 | Crear | Villager (Male) |
| 6:58 | Crear | Villager (Male) |
| 6:58 | Crear | Villager (Male) |
| 6:58 | Crear | Villager (Male) |
| 6:59 | Crear | Villager (Male) |
| 7:13 | Construir | Siege Workshop |
| 7:19 | Construir | Siege Workshop |
| 7:21 | Construir | Siege Workshop |
| 7:26 | Construir | Siege Workshop |
| 7:30 | Crear | Ballista Elephant |
| 7:30 | Crear | Ballista Elephant |
| 7:30 | Crear | Ballista Elephant |
| 7:31 | Crear | Ballista Elephant |
| 7:31 | Crear | Ballista Elephant |
| 7:31 | Crear | Ballista Elephant |
| 7:31 | Crear | Ballista Elephant |
| 7:32 | Crear | Ballista Elephant |
| 7:32 | Crear | Ballista Elephant |
| 7:32 | Crear | Ballista Elephant |
| 7:33 | Crear | Ballista Elephant |
| 7:33 | Crear | Ballista Elephant |
| 7:36 | Crear | Trade Cart |
| 7:37 | Crear | Trade Cart |
| 7:44 | Crear | Trade Cart |
| 7:44 | Crear | Trade Cart |
| 7:45 | Crear | Trade Cart |
| 7:45 | Crear | Trade Cart |
| 7:46 | Crear | Trade Cart |
| 7:46 | Crear | Trade Cart |
| 7:47 | Crear | Trade Cart |
| 7:47 | Crear | Trade Cart |
| 7:48 | Crear | Trade Cart |
Build order — Danko_cl
Primeras 150 de 1517 acciones detectadas
| 0:01 | Crear | Villager (Male) |
| 0:01 | Crear | Villager (Male) |
| 0:07 | Construir | Town Center |
| 0:07 | Crear | Villager (Male) |
| 0:13 | Construir | Town Center |
| 0:14 | Crear | Villager (Male) |
| 0:14 | Crear | Villager (Male) |
| 0:23 | Construir | Market |
| 0:26 | Construir | Market |
| 0:28 | Construir | Market |
| 0:29 | Crear | Villager (Male) |
| 0:30 | Crear | Villager (Male) |
| 0:30 | Crear | Villager (Male) |
| 0:42 | Construir | Town Center |
| 0:43 | Crear | Villager (Male) |
| 0:43 | Crear | Villager (Male) |
| 0:44 | Crear | Villager (Male) |
| 0:51 | Crear | Villager (Male) |
| 0:52 | Crear | Villager (Male) |
| 0:53 | Crear | Villager (Male) |
| 0:53 | Crear | Villager (Male) |
| 0:53 | Crear | Villager (Male) |
| 1:03 | Construir | House |
| 1:03 | Construir | House |
| 1:04 | Construir | House |
| 1:04 | Construir | House |
| 1:04 | Construir | House |
| 1:04 | Construir | House |
| 1:05 | Construir | House |
| 1:05 | Construir | House |
| 1:05 | Construir | House |
| 1:05 | Construir | House |
| 1:06 | Construir | House |
| 1:06 | Construir | House |
| 1:06 | Construir | House |
| 1:07 | Construir | House |
| 1:08 | Crear | Villager (Male) |
| 1:09 | Crear | Villager (Male) |
| 1:09 | Crear | Villager (Male) |
| 1:09 | Crear | Villager (Male) |
| 1:10 | Crear | Villager (Male) |
| 1:10 | Crear | Villager (Male) |
| 1:18 | Construir | Town Center |
| 1:19 | Crear | Villager (Male) |
| 1:20 | Crear | Villager (Male) |
| 1:26 | Crear | Villager (Male) |
| 1:26 | Crear | Villager (Male) |
| 1:27 | Crear | Villager (Male) |
| 1:40 | Construir | Market |
| 1:41 | Crear | Villager (Male) |
| 1:42 | Crear | Villager (Male) |
| 1:42 | Crear | Villager (Male) |
| 1:48 | Construir | Farm |
| 1:49 | Crear | Villager (Male) |
| 1:50 | Crear | Villager (Male) |
| 1:50 | Crear | Villager (Male) |
| 1:53 | Crear | Villager (Male) |
| 1:53 | Crear | Villager (Male) |
| 1:59 | Crear | Villager (Male) |
| 1:59 | Crear | Villager (Male) |
| 2:00 | Crear | Villager (Male) |
| 2:00 | Crear | Villager (Male) |
| 2:13 | Construir | Town Center |
| 2:15 | Crear | Villager (Male) |
| 2:15 | Crear | Villager (Male) |
| 2:17 | Crear | Villager (Male) |
| 2:17 | Crear | Villager (Male) |
| 2:18 | Crear | Villager (Male) |
| 2:22 | Construir | Farm |
| 2:25 | Crear | Villager (Male) |
| 2:25 | Crear | Villager (Male) |
| 2:26 | Crear | Villager (Male) |
| 2:34 | Construir | Market |
| 2:36 | Crear | Trade Cart |
| 2:37 | Crear | Trade Cart |
| 2:37 | Crear | Trade Cart |
| 2:38 | Crear | Trade Cart |
| 2:38 | Crear | Trade Cart |
| 2:48 | Crear | Trade Cart |
| 2:48 | Crear | Trade Cart |
| 2:49 | Crear | Trade Cart |
| 2:49 | Crear | Trade Cart |
| 2:49 | Crear | Trade Cart |
| 2:49 | Crear | Trade Cart |
| 2:50 | Crear | Trade Cart |
| 2:53 | Crear | Villager (Male) |
| 2:53 | Crear | Villager (Male) |
| 2:54 | Crear | Villager (Male) |
| 2:54 | Crear | Villager (Male) |
| 2:54 | Crear | Villager (Male) |
| 2:55 | Crear | Villager (Male) |
| 2:55 | Crear | Villager (Male) |
| 2:56 | Crear | Villager (Male) |
| 3:04 | Construir | Town Center |
| 3:06 | Crear | Villager (Male) |
| 3:06 | Crear | Villager (Male) |
| 3:06 | Crear | Villager (Male) |
| 3:07 | Crear | Villager (Male) |
| 3:07 | Crear | Villager (Male) |
| 3:14 | Construir | Farm |
| 3:15 | Construir | Farm |
| 3:18 | Construir | Farm |
| 3:19 | Crear | Villager (Male) |
| 3:20 | Crear | Villager (Male) |
| 3:30 | Construir | Mining Camp |
| 3:30 | Crear | Villager (Male) |
| 3:31 | Crear | Villager (Male) |
| 3:31 | Crear | Villager (Male) |
| 3:37 | Construir | Town Center |
| 3:38 | Crear | Villager (Male) |
| 3:38 | Crear | Villager (Male) |
| 3:38 | Crear | Villager (Male) |
| 3:39 | Crear | Villager (Male) |
| 3:48 | Crear | Trade Cart |
| 3:48 | Crear | Trade Cart |
| 3:48 | Crear | Trade Cart |
| 3:49 | Crear | Trade Cart |
| 4:01 | Crear | Trade Cart |
| 4:01 | Crear | Trade Cart |
| 4:01 | Crear | Trade Cart |
| 4:02 | Crear | Trade Cart |
| 4:02 | Crear | Trade Cart |
| 4:03 | Crear | Villager (Male) |
| 4:03 | Crear | Villager (Male) |
| 4:08 | Construir | Farm |
| 4:08 | Construir | Farm |
| 4:10 | Construir | Farm |
| 4:10 | Crear | Villager (Male) |
| 4:11 | Crear | Villager (Male) |
| 4:18 | Crear | Villager (Male) |
| 4:18 | Crear | Villager (Male) |
| 4:18 | Crear | Villager (Male) |
| 4:19 | Crear | Villager (Male) |
| 4:19 | Crear | Villager (Male) |
| 4:30 | Construir | Market |
| 4:33 | Crear | Villager (Male) |
| 4:34 | Crear | Villager (Male) |
| 4:34 | Crear | Villager (Male) |
| 4:34 | Crear | Villager (Male) |
| 4:35 | Crear | Villager (Male) |
| 4:44 | Construir | Outpost |
| 4:45 | Crear | Villager (Male) |
| 4:45 | Crear | Villager (Male) |
| 4:51 | Construir | Outpost |
| 4:52 | Crear | Villager (Male) |
| 4:53 | Crear | Villager (Male) |
| 4:53 | Crear | Villager (Male) |
| 4:53 | Crear | Villager (Male) |
| 4:54 | Crear | Villager (Male) |
| 4:54 | Crear | Villager (Male) |
Cronología de la partida
| 0:33 | Abuelo-GrandPa · first_market_buy 500 stone |
| 0:39 | Abuelo-GrandPa · first_market_sell 500 food |
| 1:23 | Frosty · first_building Monastery |
| 2:31 | okayamafilho · wall_segment Stone Wall x109 |
| 2:46 | okayamafilho · first_building Castle |
| 3:39 | Eagle · first_building Castle |
| 5:16 | Eagle · wall_segment Stone Wall x28 |
| 5:34 | Danko_cl · first_building Castle |
| 6:00 | Danko_cl · first_building Siege Workshop |
| 6:03 | Eagle · first_building Monastery |
| 7:01 | okayamafilho · first_building Siege Workshop |
| 7:09 | Danko_cl · first_market_buy 100 stone |
| 7:13 | Eagle · first_building Siege Workshop |
| 8:37 | Abuelo-GrandPa · wall_segment Stone Wall x28 |
| 9:37 | Eagle · first_building Barracks |
| 10:55 | Abuelo-GrandPa · first_building Castle |
| 10:59 | Danko_cl · first_building Barracks |
| 11:15 | Abuelo-GrandPa · wall_segment Stone Wall x20 |
| 11:27 | Eagle · first_building Stable |
| 12:36 | okayamafilho · first_building Stable |
| 14:46 | okayamafilho · first_market_buy 100 stone |
| 15:21 | Frosty · first_building Stable |
| 15:33 | a.hofslagare · wall_segment Stone Wall x46 |
| 15:45 | a.hofslagare · wall_segment Stone Wall x25 |
| 16:08 | a.hofslagare · wall_segment Stone Wall x14 |
| 16:13 | Frosty · first_building Barracks |
| 17:21 | Abuelo-GrandPa · first_building Archery Range |
| 17:26 | okayamafilho · wall_segment Stone Wall x34 |
| 18:30 | a.hofslagare · wall_segment Stone Wall x30 |
| 18:34 | a.hofslagare · wall_segment Stone Wall x16 |
| 18:50 | Abuelo-GrandPa · wall_segment Stone Wall x47 |
| 19:03 | Frosty · first_building Castle |
| 19:14 | a.hofslagare · first_building Castle |
| 19:19 | okayamafilho · wall_segment Stone Wall x17 |
| 19:23 | Abuelo-GrandPa · wall_segment Stone Wall x4 |
| 19:37 | Abuelo-GrandPa · first_building Siege Workshop |
| 20:22 | Abuelo-GrandPa · wall_segment Stone Wall x10 |
| 20:24 | Frosty · first_building Siege Workshop |
| 20:28 | okayamafilho · wall_segment Stone Wall x6 |
| 20:37 | okayamafilho · wall_segment Stone Wall x10 |
| 20:47 | okayamafilho · wall_segment Stone Wall x3 |
| 21:08 | Abuelo-GrandPa · wall_segment Stone Wall x25 |
| 21:15 | okayamafilho · wall_segment Stone Wall x9 |
| 21:28 | okayamafilho · wall_segment Stone Wall x42 |
| 22:19 | Abuelo-GrandPa · wall_segment Stone Wall x29 |
| 23:30 | okayamafilho · wall_segment Stone Wall x22 |
| 24:42 | Abuelo-GrandPa · wall_segment Stone Wall x5 |
| 24:47 | Abuelo-GrandPa · wall_segment Stone Wall x4 |
| 26:00 | a.hofslagare · first_market_buy 100 stone |
| 26:49 | Abuelo-GrandPa · wall_segment Stone Wall x4 |
| 27:07 | Abuelo-GrandPa · wall_segment Stone Wall x21 |
| 28:34 | a.hofslagare · first_building Stable |
| 40:27 | Frosty · resign |
[ ANÁLISIS IA · 1 CRÉDITO ]
¿Qué pasó realmente en esta partida?
Wolo.gg analiza cada decisión: build order, eco, micro, errores típicos por bracket. Análisis personalizado por WhatsApp o Discord en 30 segundos.
Guía civ
Teutones
Guía mapa
Michi
Perfil
okayamafilho